 Dungeon Crawl Stone Soup version 0.19.5 (webtiles) character file.

398 greprep the Sneak (level 6, -5/28 HPs)
             Began as a Spriggan Enchanter on May 4, 2017.
             Slain by a hornet (11 damage)
             ... on level 4 of the Dungeon.
             The game lasted 00:16:40 (4750 turns).

greprep the Sneak (Spriggan Enchanter)              Turns: 4750, Time: 00:16:41

Health: -5/28      AC:  3    Str:  6    XL:     6   Next: 53%
Magic:  8/13       EV: 19    Int: 17    God:
Gold:   180        SH:  0    Dex: 16    Spells: 4 memorised, 4 levels left

rFire  . . .     SeeInvis +     q - +2 dagger (protect)
rCold  . . .     Gourm    .     b - +1 robe
rNeg   . . .     Faith    .     (shield restricted)
rPois  .         Spirit   .     (helmet restricted)
rElec  .         Reflect  .     (no cloak)
rCorr  .         Harm     .     (gloves unavailable)
MR     +....                    (boots unavailable)
Stlth  ++++......               (no amulet)
                                (no ring)
                                (no ring)

@: lethally poisoned (-5 -> -12), about to teleport, very slightly contaminated,
slowed, quick
A: unfitting armour, see invisible, herbivore 3, speed 3, slow metabolism 2
a: no special abilities


You were on level 4 of the Dungeon.
You were not hungry.

You visited 1 branch of the dungeon, and saw 4 of its levels.

You collected 180 gold pieces.

Inventory:

Hand Weapons
 a - a +1 dagger
 q - a +2 dagger of protection (weapon)
Armour
 b - a +1 robe (worn)
Jewellery
 d - an uncursed amulet of faith {unknown}
 n - an uncursed ring of protection from fire {unknown}
 v - a +5 ring of dexterity {unknown}
Wands
 p - a wand of digging (14/24)
Scrolls
 e - 2 scrolls of teleportation
 g - 3 scrolls of remove curse
 h - 2 scrolls of fear {unknown}
 j - 2 scrolls of enchant weapon {unknown}
 k - a scroll of identify
 r - a scroll of recharging {unknown}
 t - a scroll of immolation {unknown}
Potions
 f - 2 potions of heal wounds
 i - a potion of might
 l - a potion of berserk rage
 s - 2 potions of flight
 u - a potion of degeneration {unknown}
Books
 c - a book of Maledictions

   Spells                             Type                      Level
   a - Corona                         Hexes                        1
   b - Ensorcelled Hibernation        Hexes/Ice                    2
   c - Confuse                        Hexes                        3
   d - Tukima's Dance                 Hexes                        3
   e - Dazzling Spray                 Conjuration/Hexes            3
 m - a book of Changes

   Spells                             Type                      Level
   a - Beastly Appendage              Transmutation                1
   b - Sticks to Snakes               Transmutation                2
   c - Spider Form                    Transmutation/Poison         3
   d - Ice Form                       Ice/Transmutation            4
   e - Blade Hands                    Transmutation                5
Comestibles
 o - 11 fruits


   Skills:
 + Level 0.1 Fighting
 + Level 2.2 Short Blades
 + Level 4.2 Dodging
 + Level 7.3 Stealth
 + Level 4.3 Spellcasting
 + Level 5.0 Hexes
 + Level 1.7 Ice Magic


You had 4 spell levels left.
You knew the following spells:

 Your Spells              Type           Power        Failure   Level  Hunger
a - Corona                Hex            ###....      1%          1    None
b - Ensorcelled Hibernat  Hex/Ice        ###...       10%         2    ##.....
c - Tukima's Dance        Hex            ###.....     8%          3    ###....
d - Dazzling Spray        Conj/Hex       ##....       17%         3    ###....


Dungeon Overview and Level Annotations

Branches:
Dungeon (4/15)
 Temple: D:4-7

Altars:
Elyvilon
Sif Muna
Yredelemnul


Innate Abilities, Weirdness & Mutations

You are very small and have problems with some larger weapons.
You are too small for most types of armour.
You have supernaturally acute eyesight. (SInv)
You are a herbivore.
You cover ground extremely quickly.
You need consume almost no food.


Message History

Confirm with . or Enter, or press ? or * to list all spells.
Aiming: Ensorcelled Hibernation
Press: ? - help, Shift-Dir - straight line, f/p - hornet
Aim: a hornet (chance to defeat MR: 37%)
The hornet easily resists.
The hornet barely misses you. The hornet stings you!
Ouch! That really hurt!
You feel yourself slow down.
Casting: Ensorcelled Hibernation
Confirm with . or Enter, or press ? or * to list all spells.
Okay, then.
There is an open door here.
The hornet stings you.
* * * LOW HITPOINT WARNING * * *
You are lethally poisoned!
You feel as though you will be slow longer.
As you read the scroll of teleportation, it crumbles to dust.
You feel strangely unstable.
* * * LOW HITPOINT WARNING * * *
You feel sick. The hornet closely misses you. The hornet stings you!
You die...

+......... ##### #.........
#.).# #......... #...#
#......... #...# #.........
#...# #.........
#...#####......[..
#.########...#.......#####.
.........y@................
#.########...#.......######
#...#.......# #
#####....#### ######...##
## .........## ...
########## .##


You could see a hornet.

Vanquished Creatures
  The ghost of greprep the Sneak, an amateur SpEn (D:3)
  2 orc priests (D:4)
  Natasha (thrice) (D:3)
  Robin (D:3)
  10 adders
  3 worms
  3 dart slugs
  2 leopard geckos (D:2)
  5 orcs
  3 giant cockroaches
  19 goblins
  8 hobgoblins
  3 jackals (D:2)
  8 kobolds
  A quokka (D:2)
  A ball python (D:2)
  8 bats
  4 frilled lizards
  8 rats
93 creatures vanquished.

Notes
Turn   | Place    | Note
-------+----------+-------------------------------------------
     0 | D:1      | greprep the Spriggan Enchanter began the quest for the Orb.
     0 | D:1      | Reached XP level 1. HP: 9/9 MP: 5/5
   336 | D:1      | Reached XP level 2. HP: 13/13 MP: 6/6
   340 | D:1      | Learned a level 2 spell: Ensorcelled Hibernation
  1022 | D:1      | Reached skill level 5 in Stealth
  1185 | D:1      | Reached XP level 3. HP: 16/16 MP: 5/8
  1545 | D:2      | Reached XP level 4. HP: 21/21 MP: 6/9
  1587 | D:2      | Learned a level 3 spell: Tukima's Dance
  2046 | D:2      | Found a white marble altar of Elyvilon.
  2314 | D:3      | Noticed greprep's ghost (amateur SpEn)
  2358 | D:2      | Learned a level 3 spell: Dazzling Spray
  2362 | D:3      | Reached skill level 1 in Ice Magic
  2611 | D:3      | Found a basalt altar of Yredelemnul.
  2613 | D:3      | Noticed Natasha
  2618 | D:3      | Killed Natasha
  2618 | D:3      | Reached skill level 6 in Stealth
  2659 | D:3      | Noticed Natasha
  2904 | D:3      | Killed Natasha
  2904 | D:3      | Reached XP level 5. HP: 14/24 MP: 4/11
  3100 | D:3      | Noticed Natasha
  3127 | D:3      | Killed greprep's ghost
  3130 | D:3      | Killed Natasha
  3375 | D:3      | Noticed Robin
  3629 | D:3      | Reached XP level 6. HP: 28/28 MP: 7/13
  3677 | D:3      | Killed Robin
  3933 | D:3      | Found a deep blue altar of Sif Muna.
  3974 | D:3      | Reached skill level 7 in Stealth
  4678 | D:4      | Reached skill level 5 in Hexes
  4742 | D:4      | Noticed a hornet
  4750 | D:4      | Slain by a hornet

Skill      XL: |  1  2  3  4  5  6 |
---------------+-------------------+-----
Stealth        | 5 6 7 |  7.3
Spellcasting   | 3 4 |  4.3
Hexes          | 4 5 |  5.0
Ice Magic      | 1 |  1.7
Short Blades   | 2 |  2.2
Dodging        | 4 |  4.2
Fighting       | |  0.1

Action                   |  1- 3 |  4- 6 || total
-------------------------+-------+-------++-------
Melee: Dagger            |    82 |   156 ||   238
 Cast: Corona            |     4 |     1 ||     5
       Ensorcelled Hiber |    23 |    64 ||    87
       Dazzling Spray    |       |     5 ||     5
  Use: Potion            |       |     2 ||     2
       Scroll            |       |     7 ||     7
 Stab: Sleeping          |    22 |    41 ||    63
  Eat: Bread ration      |       |     1 ||     1
       Fruit             |       |     3 ||     3
Armor: Robe              |     7 |    35 ||    42
Dodge: Dodged            |    69 |   139 ||   208
